 Dungeon Crawl Stone Soup version 0.23-a0-814-g91b4073 (webtiles) character file.

7263 tidbits the Magician (level 11, -10/84 HPs)
             Began as a Gnoll Skald on Jan 21, 2019.
             Was a Priest of Cheibriados.
             Mangled by a six-headed hydra (16 damage)
             ... on level 11 of the Dungeon.
             The game lasted 00:34:45 (3237 turns).

tidbits the Magician (Gnoll Skald)                  Turns: 3237, Time: 00:34:45

Health: -10/84     AC:  8    Str: 21    XL:     11   Next: 12%
Magic:  22/31      EV: 18    Int: 25    God:    Cheibriados [***...]
Gold:   346        SH:  0    Dex: 22    Spells: 14/25 levels left

rFire    . . .     SeeInvis .   K - +0 war axe (flame)
rCold    + . .     Gourm    .   (no shield)
rNeg     . . .     Faith    .   B - +0 leather armour
rPois    .         Spirit   .   E - +2 hat
rElec    .         Reflect  .   C - +2 cloak
rCorr    .         Harm     .   (no gloves)
MR       .....                  F - -2 pair of boots (curse)
Stlth    +++.......             (no amulet)
HPRegen  0.24/turn              M - ring of protection from cold
MPRegen  0.22/turn              Q - ring of magical power

@: lethally poisoned (-10 -> -11), singing, very slow
A: distributed training, fangs 1, strong nose
a: Bend Time, Temporal Distortion, Renounce Religion


You were on level 11 of the Dungeon.
You worshipped Cheibriados.
Cheibriados was most pleased with you.
You were not hungry.

You visited 2 branches of the dungeon, and saw 12 of its levels.

You collected 346 gold pieces.

Inventory:

Hand Weapons
 a - a +1 halberd
 b - a +0 dagger of venom
   (You took it off an orc wizard on level 4 of the Dungeon)
 m - a +0 blowgun
 y - a +0 hunting sling
 H - a +0 arbalest
 K - a +0 war axe of flaming (weapon)
   (You took it off an orc on level 9 of the Dungeon)
 L - a cursed +3 scimitar
 N - a +0 shortbow
 U - a +1 spear of venom
   (You found it on level 9 of the Dungeon)
 X - a +2 hand axe of venom
   (You took it off an orc warrior on level 10 of the Dungeon)
Missiles
 d - 36 stones
 i - 7 javelins
 j - 112 arrows
 o - 47 bolts
 A - 6 javelins of returning (quivered)
 R - 39 sling bullets
 Y - 8 tomahawks
Armour
 B - a +0 leather armour (worn)
 C - a +2 cloak (worn)
 E - a +2 hat (worn)
 F - a cursed -2 pair of boots (worn)
 G - a +0 helmet
 O - a +2 robe of positive energy
   (You found it on level 8 of the Dungeon)
 V - a +2 cloak of invisibility
   (You found it on level 10 of the Dungeon)
Jewellery
 s - an uncursed ring of positive energy
   (You found it on level 3 of the Dungeon)
 v - an uncursed ring of see invisible
   (You found it on level 4 of the Dungeon)
 M - a ring of protection from cold (left hand)
   (You found it on level 5 of the Dungeon)
 Q - a ring of magical power (right hand)
   (You found it on level 9 of the Dungeon)
 T - an uncursed ring of teleportation
   (You found it on level 2 of the Dungeon)
Wands
 h - a wand of random effects (7)
 J - a wand of scattershot (4)
 Z - a wand of acid (12)
Scrolls
 f - a scroll of enchant armour {unknown}
 n - 2 scrolls of random uselessness
 p - 3 scrolls of immolation
 q - 4 scrolls of fear
 r - 5 scrolls of remove curse
 t - 2 scrolls of teleportation
 w - 3 scrolls of amnesia
 z - a scroll of noise
 I - 3 scrolls of magic mapping
Potions
 e - 2 potions of heal wounds {unknown}
 g - 2 potions of agility {unknown}
 k - a potion of flight {unknown}
 l - a potion of magic {unknown}
 u - a potion of degeneration {unknown}
 x - 6 potions of curing
 P - a potion of resistance {unknown}
 S - a potion of might
 W - a potion of haste
Comestibles
 c - 13 rations


   Skills:
 + Level 7.5 Fighting
 + Level 5.9 Short Blades
 + Level 5.9 Long Blades
 + Level 5.9 Axes
 + Level 5.9 Maces & Flails
 + Level 7.5 Polearms
 + Level 5.9 Staves
 + Level 5.9 Slings
 + Level 5.9 Bows
 + Level 5.9 Crossbows
 + Level 5.9 Throwing
 + Level 6.5 Armour
 + Level 7.5 Dodging
 + Level 5.9 Stealth
 + Level 5.9 Shields
 + Level 5.9 Unarmed Combat
 + Level 7.8 Spellcasting
 + Level 4.8 Conjurations
 + Level 4.8 Hexes
 + Level 7.4 Charms
 + Level 4.8 Summonings
 + Level 4.8 Necromancy
 + Level 4.8 Translocations
 + Level 4.8 Transmutations
 + Level 4.8 Fire Magic
 + Level 4.8 Ice Magic
 + Level 4.8 Air Magic
 + Level 4.8 Earth Magic
 + Level 4.8 Poison Magic
 + Level 6.4 Invocations
 + Level 5.9 Evocations


You had 14 spell levels left.
You knew the following spells:

 Your Spells              Type           Power        Failure   Level  Hunger
g - Shroud of Golubria    Chrm/Tloc      #####.....   1%          2    None
i - Infusion              Chrm           ####         1%          1    None
r - Regeneration          Chrm/Necr      #####.....   1%          3    None
w - Spectral Weapon       Hex/Chrm       #####...     1%          3    None
y - Song of Slaying       Chrm           #####...     1%          2    None

Your spell library contained the following spells:

 Spells                   Type           Power        Failure   Level  Hunger
 Cause Fear               Hex            ####......   10%         4    ##.....
 Silence                  Hex/Air        ####......   26%         5    #####..
 Yara's Violent Unravell  Hex/Tmut       ####......   26%         5    #####..
 Deflect Missiles         Chrm/Air       #####.....   65%         6    ######.
 Discord                  Hex            ####......   100%        8    #######


Dungeon Overview and Level Annotations

Branches:
Dungeon (11/15)            Temple (1/1) D:7
   Lair: D:8-11         Orc: D:9-12

Altars:
Ashenzari
Cheibriados
Dithmenos
Elyvilon
Fedhas
Hepliaklqana
Kikubaaqudgha
Makhleb
Nemelex Xobeh
Okawaru
Wu Jian
The Shining One


Innate Abilities, Weirdness & Mutations

Your experience applies equally to all skills.
You have very sharp teeth.
Your uncanny sense of smell can sniff out nearby items.


Message History

A porcupine comes into view.
The orc hits you but does no damage.
Unknown command.
Unknown command.
Unknown command.
A seven-headed hydra comes into view.
A hell rat comes into view.
The orc hits you but does no damage.
The orc hits your spectral weapon but does no damage.
The seven-headed hydra moves out of view.
Unknown command.
Unknown command.
Casting: Regeneration (safe; 1% risk of failure)
Confirm with . or Enter, or press ? or * to list all spells.
You start singing a song of slaying.
The hell rat roars deafeningly!
You feel sick.
Your spectral weapon fades away.
The orc hits you with a +0 hand axe.
Unknown command.
Casting: Song of Slaying (safe; 1% risk of failure)
Confirm with . or Enter, or press ? or * to list all spells.
You draw out your weapon's spirit!
The porcupine bites you. Something bites your spectral weapon!
Your spectral weapon shares its damage with you!
A river rat comes into view.
The orc hits you with a +0 hand axe. The porcupine bites you.
Unknown command.
You closely miss the porcupine. You slash the porcupine!
You burn the porcupine.
You kill the porcupine!
Cheibriados appreciates the change of pace.
You hit the orc but do no damage.
Your skin stops crawling.
Your spectral weapon completely misses the porcupine.
Your spectral weapon hits something.
Your spectral weapon burns something.
Something closely misses your spectral weapon.
The orc closely misses you. The porcupine misses you.
Something bites your spectral weapon!
Your spectral weapon shares its damage with you!
You are struck by the porcupine's spines.
You closely miss the porcupine. You hit the orc. You burn the orc.
You kill the orc!
Cheibriados thoroughly appreciates the change of pace.
Your spectral weapon closely misses the porcupine.
Your spectral weapon hits something.
Your spectral weapon burns something.
The porcupine bites you.
You closely miss the porcupine. Your bite misses the porcupine.
Your spectral weapon barely misses the porcupine.
Your spectral weapon hits the porcupine.
Your spectral weapon burns the porcupine.
The porcupine bites your spectral weapon but does no damage.
The porcupine bites you.
A porcupine comes into view.
The hell rat bites you!
The porcupine closely misses your spectral weapon.
You are struck by the porcupine's spines.
* * * LOW HITPOINT WARNING * * *
You miss the porcupine. You hit the hell rat. You burn the hell rat.
You feel sick.
Your spectral weapon barely misses the porcupine.
Your spectral weapon hits the porcupine!
Your spectral weapon burns the porcupine.
You kill the porcupine!
Cheibriados appreciates the change of pace.
A rat comes into view.
The porcupine completely misses you. The hell rat barely misses you.
The porcupine misses you.
Unknown command.
Unknown command.
You are struck by the porcupine's spines.
* * * LOW HITPOINT WARNING * * *
You slash the porcupine! You burn the porcupine.
You kill the porcupine!
Cheibriados appreciates the change of pace.
You hit the hell rat. You burn the hell rat. The hell rat barely misses you.
Something bites your spectral weapon but does no damage. x2
Something closely misses your spectral weapon.
Something bites your spectral weapon but does no damage.
Something closely misses your spectral weapon.
Something barely misses your spectral weapon. x2
Unknown command.
You hack one of the seven-headed hydra's heads off!
The flame cauterises the wound!
You slash the six-headed hydra! You burn the six-headed hydra!
Your bite misses the six-headed hydra.
The six-headed hydra is moderately wounded.
You hit the river rat but do no damage. You barely miss the hell rat.
Your spectral weapon barely misses the six-headed hydra.
The hell rat bites you but does no damage.
A river rat comes into view.
An ogre comes into view. It is wielding a +0 giant club.
The river rat bites you.
* * * LOW HITPOINT WARNING * * *
The six-headed hydra misses you. x2
The six-headed hydra completely misses you.
The six-headed hydra bites you!
* * * LOW HITPOINT WARNING * * *
The six-headed hydra bites you but does no damage.
The six-headed hydra bites you!
You die...

∆ ..O. ....r . ....
.# .# ###...##..# .#
#....r... .# ∆
#.(..#.# ###.#
#.D#r..# #<#.# #.)@r#
#.#.#
######.#.###.###.#.#
#..................#
##.#..#.#.###.##....#
#(())...............#
##)<......######.##.#
#####.#)##......# #.
.# .....(........#.#
#. (# #######.##....#
.... .#


You could see a six-headed hydra, an ogre, a hell rat, a porcupine, 2 river rats
and a friendly spectral +0 war axe of flaming.

Vanquished Creatures
  A centaur warrior (D:10)
  A deep elf mage (D:10)
  A centaur zombie (D:10)
  A freezing wraith (D:10)
  2 hippogriffs (D:10)
  6 yaks (D:10)
  4 hogs (D:7)
  A human (D:7)
  A hungry ghost (D:7)
  3 porcupines (D:11)
  4 orc warriors
  2 black bears
  An eye of draining (D:9)
  2 ice beasts
  A necrophage (D:8)
  An ogre (D:10)
  2 centaurs
  A big kobold (D:11)
  6 bullfrogs
  5 wights (D:6)
  6 howler monkeys
  A crimson imp (D:8)
  A bullfrog zombie (D:10)
  A bullfrog skeleton (D:8)
  4 hounds
  4 jellies
  2 centaur skeletons
  An orc priest (D:6)
  4 orc wizards
  3 iguanas
  Jessica (D:3)
  Natasha (D:2)
  6 worker ants
  A mummy (D:6)
  A worker ant zombie (D:10)
  Robin (D:4)
  3 gnolls (D:4)
  6 adders
  A howler monkey skeleton (D:6)
  3 adder skeletons
  An adder zombie (D:9)
  A worm (D:2)
  2 dart slugs (D:2)
  6 leopard geckos
  14 orcs
  3 bats
  2 giant cockroaches
  10 goblins
  2 hobgoblins (D:4)
  3 jackals
  4 quokkas
  10 kobolds
  3 rats
158 creatures vanquished.

Notes
Turn   | Place    | Note
-------+----------+-------------------------------------------
     0 | D:1      | tidbits the Gnoll Skald began the quest for the Orb.
     0 | D:1      | Reached XP level 1. HP: 20/20 MP: 6/6
    58 | D:1      | Reached XP level 2. HP: 25/26 MP: 1/7
    62 | D:1      | Learned a level 2 spell: Shroud of Golubria
    65 | D:1      | Learned a level 2 spell: Song of Slaying
   172 | D:2      | Reached XP level 3. HP: 31/31 MP: 0/9
   177 | D:2      | Learned a level 3 spell: Regeneration
   181 | D:2      | Learned a level 3 spell: Spectral Weapon
   204 | D:2      | Noticed Natasha
   216 | D:2      | Reached skill level 5 in Spellcasting
   237 | D:2      | Killed Natasha
   237 | D:2      | Reached skill level 1 in Invocations
   241 | D:2      | Reached skill level 1 in Short Blades
   241 | D:2      | Reached skill level 1 in Long Blades
   241 | D:2      | Reached skill level 1 in Axes
   241 | D:2      | Reached skill level 1 in Maces & Flails
   241 | D:2      | Reached skill level 1 in Staves
   241 | D:2      | Reached skill level 1 in Slings
   241 | D:2      | Reached skill level 1 in Bows
   241 | D:2      | Reached skill level 1 in Crossbows
   241 | D:2      | Reached skill level 1 in Throwing
   241 | D:2      | Reached skill level 1 in Stealth
   241 | D:2      | Reached skill level 1 in Shields
   241 | D:2      | Reached skill level 1 in Unarmed Combat
   241 | D:2      | Reached skill level 1 in Evocations
   307 | D:2      | Reached XP level 4. HP: 30/38 MP: 2/11
   329 | D:2      | Found an ancient bone altar of Kikubaaqudgha.
   533 | D:3      | Found an ornate altar of the Wu Jian Council.
   571 | D:3      | Noticed Jessica
   580 | D:3      | Killed Jessica
   580 | D:3      | Reached skill level 1 in Conjurations
   580 | D:3      | Reached skill level 1 in Hexes
   580 | D:3      | Reached skill level 1 in Summonings
   580 | D:3      | Reached skill level 1 in Necromancy
   580 | D:3      | Reached skill level 1 in Translocations
   580 | D:3      | Reached skill level 1 in Transmutations
   580 | D:3      | Reached skill level 1 in Fire Magic
   580 | D:3      | Reached skill level 1 in Ice Magic
   580 | D:3      | Reached skill level 1 in Air Magic
   580 | D:3      | Reached skill level 1 in Earth Magic
   580 | D:3      | Reached skill level 1 in Poison Magic
   631 | D:4      | Found a shadowy altar of Dithmenos.
   642 | D:4      | Found a glowing golden altar of the Shining One.
   655 | D:4      | Reached XP level 5. HP: 40/43 MP: 8/12
   733 | D:4      | Reached skill level 3 in Armour
   806 | D:4      | Reached skill level 2 in Invocations
   806 | D:4      | Reached XP level 6. HP: 46/50 MP: 7/13
   923 | D:4      | Noticed Robin
   953 | D:4      | Killed Robin
   973 | D:5      | Entered Level 5 of the Dungeon
   989 | D:5      | Reached skill level 5 in Fighting
   989 | D:5      | Reached skill level 5 in Polearms
   989 | D:5      | Reached skill level 5 in Dodging
   991 | D:5      | Reached skill level 2 in Short Blades
   991 | D:5      | Reached skill level 2 in Long Blades
   991 | D:5      | Reached skill level 2 in Axes
   991 | D:5      | Reached skill level 2 in Maces & Flails
   991 | D:5      | Reached skill level 2 in Staves
   991 | D:5      | Reached skill level 2 in Slings
   991 | D:5      | Reached skill level 2 in Bows
   991 | D:5      | Reached skill level 2 in Crossbows
   991 | D:5      | Reached skill level 2 in Throwing
   991 | D:5      | Reached skill level 2 in Stealth
   991 | D:5      | Reached skill level 2 in Shields
   991 | D:5      | Reached skill level 2 in Unarmed Combat
   991 | D:5      | Reached skill level 2 in Evocations
  1001 | D:5      | Found a shattered altar of Ashenzari.
  1104 | D:6      | Reached XP level 7. HP: 48/56 MP: 11/15
  1184 | D:7      | Noticed a hungry ghost
  1205 | D:7      | Killed a hungry ghost
  1205 | D:7      | Reached skill level 2 in Conjurations
  1205 | D:7      | Reached skill level 2 in Hexes
  1205 | D:7      | Reached skill level 2 in Summonings
  1205 | D:7      | Reached skill level 2 in Necromancy
  1205 | D:7      | Reached skill level 2 in Translocations
  1205 | D:7      | Reached skill level 2 in Transmutations
  1205 | D:7      | Reached skill level 2 in Fire Magic
  1205 | D:7      | Reached skill level 2 in Ice Magic
  1205 | D:7      | Reached skill level 2 in Air Magic
  1205 | D:7      | Reached skill level 2 in Earth Magic
  1205 | D:7      | Reached skill level 2 in Poison Magic
  1321 | D:7      | Noticed a human
  1321 | D:7      | Noticed a hog
  1321 | D:7      | Noticed a hog
  1321 | D:7      | Noticed a hog
  1321 | D:7      | Noticed a hog
  1338 | D:7      | Killed a hog
  1338 | D:7      | Reached skill level 3 in Invocations
  1344 | D:7      | Killed a hog
  1344 | D:7      | Reached skill level 6 in Charms
  1344 | D:7      | Reached XP level 8. HP: 27/63 MP: 3/16
  1368 | D:7      | Reached skill level 4 in Armour
  1425 | D:7      | Reached skill level 3 in Short Blades
  1425 | D:7      | Reached skill level 3 in Long Blades
  1425 | D:7      | Reached skill level 3 in Axes
  1425 | D:7      | Reached skill level 3 in Maces & Flails
  1425 | D:7      | Reached skill level 3 in Staves
  1425 | D:7      | Reached skill level 3 in Slings
  1425 | D:7      | Reached skill level 3 in Bows
  1425 | D:7      | Reached skill level 3 in Crossbows
  1425 | D:7      | Reached skill level 3 in Throwing
  1425 | D:7      | Reached skill level 3 in Stealth
  1425 | D:7      | Reached skill level 3 in Shields
  1425 | D:7      | Reached skill level 3 in Unarmed Combat
  1425 | D:7      | Reached skill level 3 in Evocations
  1444 | D:7      | Found a burning altar of Makhleb.
  1454 | D:7      | Found a staircase to the Ecumenical Temple.
  1458 | Temple   | Entered the Ecumenical Temple
  1468 | Temple   | Became a worshipper of Cheibriados the Contemplative
  1732 | D:6      | Reached skill level 6 in Spellcasting
  1750 | D:6      | Found a sand-covered staircase.
  1896 | D:7      | Reached skill level 3 in Conjurations
  1896 | D:7      | Reached skill level 3 in Hexes
  1896 | D:7      | Reached skill level 3 in Summonings
  1896 | D:7      | Reached skill level 3 in Necromancy
  1896 | D:7      | Reached skill level 3 in Translocations
  1896 | D:7      | Reached skill level 3 in Transmutations
  1896 | D:7      | Reached skill level 3 in Fire Magic
  1896 | D:7      | Reached skill level 3 in Ice Magic
  1896 | D:7      | Reached skill level 3 in Air Magic
  1896 | D:7      | Reached skill level 3 in Earth Magic
  1896 | D:7      | Reached skill level 3 in Poison Magic
  1896 | D:7      | Reached skill level 4 in Invocations
  1899 | D:7      | Reached skill level 6 in Fighting
  1899 | D:7      | Reached skill level 6 in Polearms
  1899 | D:7      | Reached skill level 6 in Dodging
  1899 | D:7      | Reached XP level 9. HP: 55/69 MP: 18/18
  1974 | D:8      | Reached * piety under Cheibriados
  1979 | D:8      | Reached skill level 4 in Short Blades
  1979 | D:8      | Reached skill level 4 in Long Blades
  1979 | D:8      | Reached skill level 4 in Axes
  1979 | D:8      | Reached skill level 4 in Maces & Flails
  1979 | D:8      | Reached skill level 4 in Staves
  1979 | D:8      | Reached skill level 4 in Slings
  1979 | D:8      | Reached skill level 4 in Bows
  1979 | D:8      | Reached skill level 4 in Crossbows
  1979 | D:8      | Reached skill level 4 in Throwing
  1979 | D:8      | Reached skill level 4 in Stealth
  1979 | D:8      | Reached skill level 4 in Shields
  1979 | D:8      | Reached skill level 4 in Unarmed Combat
  1979 | D:8      | Reached skill level 4 in Evocations
  2108 | D:8      | Reached skill level 5 in Armour
  2290 | D:10     | Entered Level 10 of the Dungeon
  2554 | D:10     | Reached skill level 5 in Invocations
  2567 | D:10     | Reached XP level 10. HP: 46/77 MP: 20/20
  2571 | D:10     | Reached skill level 7 in Spellcasting
  2580 | D:10     | Reached ** piety under Cheibriados
  2580 | D:10     | Reached skill level 4 in Conjurations
  2580 | D:10     | Reached skill level 4 in Hexes
  2580 | D:10     | Reached skill level 4 in Summonings
  2580 | D:10     | Reached skill level 4 in Necromancy
  2580 | D:10     | Reached skill level 4 in Translocations
  2580 | D:10     | Reached skill level 4 in Transmutations
  2580 | D:10     | Reached skill level 4 in Fire Magic
  2580 | D:10     | Reached skill level 4 in Ice Magic
  2580 | D:10     | Reached skill level 4 in Air Magic
  2580 | D:10     | Reached skill level 4 in Earth Magic
  2580 | D:10     | Reached skill level 4 in Poison Magic
  2749 | D:10     | Reached skill level 5 in Short Blades
  2749 | D:10     | Reached skill level 5 in Long Blades
  2749 | D:10     | Reached skill level 5 in Axes
  2749 | D:10     | Reached skill level 5 in Maces & Flails
  2749 | D:10     | Reached skill level 5 in Staves
  2749 | D:10     | Reached skill level 5 in Slings
  2749 | D:10     | Reached skill level 5 in Bows
  2749 | D:10     | Reached skill level 5 in Crossbows
  2749 | D:10     | Reached skill level 5 in Throwing
  2749 | D:10     | Reached skill level 5 in Stealth
  2749 | D:10     | Reached skill level 5 in Shields
  2749 | D:10     | Reached skill level 5 in Unarmed Combat
  2749 | D:10     | Reached skill level 5 in Evocations
  2778 | D:10     | Reached skill level 7 in Charms
  2817 | D:10     | Noticed a centaur warrior
  2824 | D:10     | Killed a centaur warrior
  2824 | D:10     | Reached skill level 7 in Fighting
  2824 | D:10     | Reached skill level 7 in Polearms
  2824 | D:10     | Reached skill level 6 in Armour
  2824 | D:10     | Reached skill level 7 in Dodging
  2910 | D:10     | Reached skill level 6 in Invocations
  2917 | D:10     | Noticed a deep elf mage
  2928 | D:10     | Noticed a sun demon
  2929 | D:10     | Killed a deep elf mage
  3165 | D:9      | Reached *** piety under Cheibriados
  3170 | D:9      | Reached XP level 11. HP: 84/84 MP: 22/22
  3229 | D:11     | Noticed a seven-headed hydra
  3237 | D:11     | HP: 6/84 [six-headed hydra (15)]
  3237 | D:11     | Mangled by a six-headed hydra

Vault maps used:
D:1:      erik_arrival_triangle_medium
D:2:      kiku_gazebo_garden_becter, kennysheep_donut, uniq_crazy_yiuf_cottage,
          uniq_natasha
D:3:      overflow_temple_1_default, chequers_serial_rivers_micro_c,
          chequers_hall_statues_y, uniq_grinder, uniq_jessica
D:4:      kennysheep_little_box, tso_metal_star, serial_bayou_lake_a, uniq_robin
D:5:      kennysheep_mini_moat, first_ration, st_stairs_12, uniq_edmund,
          uniq_blork_the_orc
D:6:      gup_ossuary_entry_pyramid, nemelex_dance_club_becter
D:7:      overflow_temple_1_default, minmay_temple_entry_drinking_statues,
          grunt_livestock
D:8:      minmay_octagon_keep
D:9:      billiards_dpeg
D:10:     serial_shops, shop, minmay_the_grid_2x2
D:11:     dpeg_lair_monsters, ebering_ghost_inner_flame, basic_altar
Temple:   nicolae_temple_elliptical

Skill      XL: |  1  2  3  4  5  6  7  8  9 10 |
---------------+-------------------------------+-----
Spellcasting   | 5 6 7 |  7.8
Invocations    | 1 2 3 4 5 6 |  6.4
Short Blades   | 1 2 3 4 5 |  5.9
Long Blades    | 1 2 3 4 5 |  5.9
Axes           | 1 2 3 4 5 |  5.9
Maces & Flails | 1 2 3 4 5 |  5.9
Staves         | 1 2 3 4 5 |  5.9
Slings         | 1 2 3 4 5 |  5.9
Bows           | 1 2 3 4 5 |  5.9
Crossbows      | 1 2 3 4 5 |  5.9
Throwing       | 1 2 3 4 5 |  5.9
Stealth        | 1 2 3 4 5 |  5.9
Shields        | 1 2 3 4 5 |  5.9
Unarmed Combat | 1 2 3 4 5 |  5.9
Evocations     | 1 2 3 4 5 |  5.9
Conjurations   | 1 2 3 4 |  4.8
Hexes          | 1 2 3 4 |  4.8
Summonings     | 1 2 3 4 |  4.8
Necromancy     | 1 2 3 4 |  4.8
Translocations | 1 2 3 4 |  4.8
Transmutations | 1 2 3 4 |  4.8
Fire Magic     | 1 2 3 4 |  4.8
Ice Magic      | 1 2 3 4 |  4.8
Air Magic      | 1 2 3 4 |  4.8
Earth Magic    | 1 2 3 4 |  4.8
Poison Magic   | 1 2 3 4 |  4.8
Armour         | 3 4 5 6 |  6.5
Fighting       | 5 6 7 |  7.5
Polearms       | 5 6 7 |  7.5
Dodging        | 5 6 7 |  7.5
Charms         | 6 7 |  7.4

Action                   |  1- 3 |  4- 6 |  7- 9 | 10-12 || total
-------------------------+-------+-------+-------+-------++-------
Melee: Spear             |    44 |   121 |   117 |       ||   282
       Bite              |     2 |    14 |    34 |    13 ||    63
       Dagger            |       |       |     1 |     1 ||     2
       Halberd           |       |       |    92 |   102 ||   194
       Punch             |       |       |     2 |     1 ||     3
       War axe           |       |       |       |    12 ||    12
Throw: Javelin           |     1 |     3 |     3 |     3 ||    10
 Cast: Infusion          |     4 |       |       |       ||     4
       Shroud of Golubri |     1 |     5 |     5 |     2 ||    13
       Spectral Weapon   |     4 |    17 |    29 |    17 ||    67
       Regeneration      |       |     1 |     6 |    11 ||    18
       Song of Slaying   |       |       |     1 |     2 ||     3
  Use: Scroll            |     1 |     5 |     6 |     2 ||    14
       Potion            |       |     1 |     2 |       ||     3
 Stab: Distracted        |     1 |     2 |     2 |     2 ||     7
       Sleeping          |       |       |     2 |     6 ||     8
  Eat: Ration            |       |     3 |     1 |       ||     4
       Chunk             |       |       |     2 |       ||     2
Armor: Leather armour    |     4 |    30 |    55 |    27 ||   116
       Skin              |       |       |     1 |     9 ||    10
Dodge: Dodged            |    22 |    71 |   132 |    84 ||   309

Table legend:
 A = Non-vault XP
 B = Vault XP
 C = Vault XP percentage of total XP
 D = Non-vault monster count
 E = Vault monster count
 F = Vault count percentage of total count
                 A         B        C        D         E       F
            +---------+---------+-------+---------+---------+-------
      Total |    7046 |    3331 |  32.1 |     121 |      37 |  23.4
            +---------+---------+-------+---------+---------+-------
        D:1 |      15 |       0 |   0.0 |       8 |       0 |   0.0
        D:2 |      53 |      36 |  40.4 |      13 |       1 |   7.1
        D:3 |      19 |      37 |  66.1 |       3 |       1 |  25.0
        D:4 |     222 |      32 |  12.6 |      11 |      11 |  50.0
        D:5 |      80 |      13 |  14.0 |       3 |       1 |  25.0
        D:6 |     681 |      18 |   2.6 |      17 |       1 |   5.6
        D:7 |     371 |     976 |  72.5 |       5 |       5 |  50.0
        D:8 |     802 |     353 |  30.6 |      15 |       5 |  25.0
        D:9 |     580 |       0 |   0.0 |       9 |       0 |   0.0
       D:10 |    3640 |    1447 |  28.4 |      27 |       9 |  25.0
       D:11 |     583 |     419 |  41.8 |      10 |       3 |  23.1
            +---------+---------+-------+---------+---------+-------

Table legend:
 A = Turns spent in this place as a percentage of turns spent in the entire game.
 B = Non-inter-level travel turns spent in this place as a percentage of non-inter-level travel turns spent in the entire game.
 C = Inter-level travel turns spent in this place as a percentage of turns spent in this place.
 D = Turns resting spent in this place as a percentage of non-inter-level travel turns spent in this place.
 E = Turns spent auto-exploring this place as a percentage of non-inter-level travel turns spent in this place.
 F = Non-inter-level travel turns spent in this place divided by the number of levels of this place that you've seen.
                   A       B       C       D       E      F
               +-------+-------+-------+-------+-------+----------------------
         Total | 100.0 | 100.0 |   4.1 |   0.0 |   0.0 | 258.7
       Dungeon |  99.4 |  99.3 |   4.1 |   0.0 |   0.0 | 280.3
        Temple |   0.6 |   0.7 |   0.0 |   0.0 |   0.0 |  21.0
               +-------+-------+-------+-------+-------+----------------------

Table legend:
 A = Kills in this place as a percentage of kills in entire the game.
 B = Kills by you in this place as a percentage of kills by you in the entire game.
 C = Kills by friends in this place as a percentage of kills by friends in the entire game.
 D = Other kills in this place as a percentage of other kills in the entire game.
 E = Experience gained in this place as a percentage of experience gained in the entire game.
 F = Experience gained in this place divided by the number of levels of this place that you have seen.
                   A       B       C       D       E      F
               +-------+-------+-------+-------+-------+----------------------
         Total | 100.0 | 100.0 |   N/A |   N/A | 100.0 | 864.8
       Dungeon | 100.0 | 100.0 |   N/A |   N/A | 100.0 | 943.4
               +-------+-------+-------+-------+-------+----------------------

Vault maps used:
D:1:      erik_arrival_triangle_medium
D:2:      kiku_gazebo_garden_becter, kennysheep_donut, uniq_crazy_yiuf_cottage,
          uniq_natasha
D:3:      overflow_temple_1_default, chequers_serial_rivers_micro_c,
          chequers_hall_statues_y, uniq_grinder, uniq_jessica
D:4:      kennysheep_little_box, tso_metal_star, serial_bayou_lake_a, uniq_robin
D:5:      kennysheep_mini_moat, first_ration, st_stairs_12, uniq_edmund,
          uniq_blork_the_orc
D:6:      gup_ossuary_entry_pyramid, nemelex_dance_club_becter
D:7:      overflow_temple_1_default, minmay_temple_entry_drinking_statues,
          grunt_livestock
D:8:      minmay_octagon_keep
D:9:      billiards_dpeg
D:10:     serial_shops, shop, minmay_the_grid_2x2
D:11:     dpeg_lair_monsters, ebering_ghost_inner_flame, basic_altar
Temple:   nicolae_temple_elliptical
